 Dungeon Sprint DCSS version 0.28.0-53-g5a82cb258f (webtiles) character file.

Game seed: 11957162146494486238

543 bnorton916 the Ruffian (level 7, -7/76 HPs)
             Began as a Troll Fighter on June 6, 2022.
             Was an Initiate of Okawaru.
             Mangled by a fire elemental (11 damage)
             ... summoned by a deep elf pyromancer
             ... in the Dungeon (Sprint III: "The Ten Rune Challenge").
             The game lasted 00:02:56 (796 turns).

bnorton916 the Ruffian (Troll Fighter)               Turns: 796, Time: 00:02:56

Health: -7/76      AC:  6    Str: 27    XL:     7   Next: 6%
Magic:  6/6        EV: 10    Int:  4    God:    Okawaru [......]
Gold:   37         SH:  8    Dex:  9    Spells: 6/6 levels left

rFire   . . .      SeeInvis .     - Unarmed
rCold   . . .      Faith    .   b - +0 kite shield
rNeg    . . .      Spirit   .   a - +0 robe
rPois   .          Reflect  .   (helmet restricted)
rElec   .          Harm     .   (no cloak)
rCorr   .          Rampage  .   (gloves unavailable)
Will    .....      Rage     1%  (boots unavailable)
Stlth   +......... NoTele   +   (no amulet)
HPRegen 1.02/turn               (no ring)
MPRegen 0.10/turn               (no ring)

@: no status effects
A: large, unfitting armour, claws 3, regeneration 1, shaggy fur 1, tough skin 1,
iridescent scales 1, berserk 1
a: Renounce Religion


You were in the Dungeon.
You worshipped Okawaru.
Okawaru was noncommittal.
You visited 1 branch You collected 37 gold pieces.

Inventory:

Hand Weapons
 p - a +1 dagger of venom
Armour
 a - a +0 robe (worn)
 b - a +0 kite shield (worn)
 e - a scarf of shadows
Wands
 q - a wand of paralysis (6)
Scrolls
 i - a scroll of blinking
 j - a scroll of immolation {unknown}
 k - a scroll of enchant weapon {unknown}
 n - 2 scrolls of torment {unknown}
Potions
 c - 2 potions of might
 d - a potion of curing
 f - a potion of haste
 g - 2 potions of magic
 h - a potion of berserk rage
 l - a potion of lignification {unknown}
 m - 3 potions of flight
 o - a potion of mutation


   Skills:
 + Level 6.8 Fighting
 + Level 6.8 Dodging
 + Level 6.8 Shields
 + Level 7.9 Unarmed Combat


You had 6 spell levels left.
You didn't know any spells.
Your spell library contained the following spells:

 Spells                   Type           Power      Damage    Failure   Level
 Corpse Rot               Necr/Air       0%         N/A       87%         2
 Poisonous Vapours        Pois/Air       0%         N/A       87%         2
 Summon Forest            Summ/Tloc      Unusable   N/A       N/A         5
 Summon Mana Viper        Hex/Summ       Unusable   N/A       N/A         5
 Summon Cactus Giant      Summ           Unusable   N/A       N/A         6

Dungeon Overview and Level Annotations

Branches:
Dungeon (1/1)

Altars:
Dithmenos
Elyvilon
Kikubaaqudgha
Okawaru
Ru
Sif Muna
Trog
Uskayaw
Vehumet
Wu Jian
Yredelemnul
Zin
The Shining One
Beogh


Innate Abilities, Weirdness & Mutations

You are too large for most types of armour.
You have claws for hands.
Your natural rate of healing is unusually fast.
You are covered in fur. (AC +1)
You have tough skin. (AC +1)
You are partially covered in iridescent scales. (AC +2)
You tend to lose your temper in combat.


Message History

The fire elemental hits you. The fire elemental burns you!
There is an open door to the Ecumenical Temple here.
You block the fire elemental's attack. You block the fire elemental's attack.
The fire elemental completely misses you.
You scratch the fire elemental.
The fire elemental is lightly damaged.
The fire elemental hits you. The fire elemental burns you!
You scratch the fire elemental but do no damage.
The fire elemental is lightly damaged.
The fire elemental barely misses you.
You miss the deep elf pyromancer. The fire elemental hits you.
The fire elemental burns you!
The fire elemental completely misses you.
The deep elf pyromancer hits you with a +4 long sword of holy wrath.
You claw the deep elf pyromancer!
The deep elf pyromancer is moderately wounded.
The fire elemental hits you. The fire elemental burns you!
The deep elf pyromancer hits you with a +4 long sword of holy wrath.
You scratch the deep elf pyromancer.
The deep elf pyromancer is heavily wounded.
The fire elemental barely misses you.
The deep elf pyromancer hits you with a +4 long sword of holy wrath!
You closely miss the deep elf pyromancer.
The deep elf pyromancer is heavily wounded.
You block the fire elemental's attack.
The deep elf pyromancer hits you with a +4 long sword of holy wrath.
* * * LOW HITPOINT WARNING * * *
You scratch the deep elf pyromancer.
The deep elf pyromancer is severely wounded.
The fire elemental hits you. The fire elemental burns you!
* * * LOW HITPOINT WARNING * * *
The fire elemental hits you. The fire elemental burns you!
* * * LOW HITPOINT WARNING * * *
Unknown command.
You closely miss the deep elf pyromancer.
The deep elf pyromancer is severely wounded.
The deep elf pyromancer closely misses you.
The fire elemental hits you. The fire elemental burns you!
You die...

▓▓▓▓ ▓▓▓ [..####
##.############
......#####..#___#___#__#
.......#..#..#e..#__.#)_#
#.##...#..#..###'#'###†##
#.###..##'#..#..e.......#
##†##..###...'.E@.......#
..##..####...#...######+#
..##).###....#.⌠.#
.##...##.....#...#
##....#......#[###
##..##)#.....#...#
#..#####....#___# ▓▓▓▓
▓▓▓▓▓▓▓▓▓▓


You could see a deep elf pyromancer and a fire elemental (summoned).

Vanquished Creatures
  A necrophage (D)
  A water elemental (D)
  Jessica (D)
  A necromancer (D)
  A wizard (D)
  A kobold demonologist (D)
  3 humans (D)
  A wolf (D)
  An endoplasm (D)
  2 rats (D)
13 creatures vanquished.

Notes
Turn   | Place    | Note
-------+----------+-------------------------------------------
     0 | D        | bnorton916 the Troll Fighter began the quest for the Orb.
     0 | D        | Reached XP level 1. HP: 22/22 MP: 0/0
    37 | D        | Noticed Jessica
    43 | D        | Killed Jessica
    44 | D        | Reached skill level 3 in Unarmed Combat
    44 | D        | Reached XP level 2. HP: 11/31 MP: 1/1
    44 | D        | Reached XP level 3. HP: 14/37 MP: 2/2
   282 | D        | Reached skill level 4 in Unarmed Combat
   306 | D        | Gained mutation: You tend to lose your temper in combat.
                  | [potion of mutation]
   306 | D        | Gained mutation: Your muscles are strong. (Str +2) [potion
                  | of mutation]
   307 | D        | Lost mutation: Your muscles are strong. (Str +2) [potion of
                  | mutation]
   307 | D        | Lost mutation: You tend to lose your temper in combat.
                  | [potion of mutation]
   307 | D        | Gained mutation: Your spells are a little harder to cast,
                  | but a little more powerful. [potion of mutation]
   307 | D        | Gained mutation: You are weak. (Str -2) [potion of
                  | mutation]
   307 | D        | Gained mutation: You are agile. (Dex +2) [potion of
                  | mutation]
   308 | D        | Lost mutation: Your spells are a little harder to cast, but
                  | a little more powerful. [potion of mutation]
   308 | D        | Lost mutation: You are weak. (Str -2) [potion of mutation]
   308 | D        | Lost mutation: You are agile. (Dex +2) [potion of mutation]
   308 | D        | Gained mutation: You are frail. (-10% HP) [potion of
                  | mutation]
   309 | D        | Lost mutation: You are frail. (-10% HP) [potion of
                  | mutation]
   309 | D        | Gained mutation: You tend to lose your temper in combat.
                  | [potion of mutation]
   309 | D        | Gained mutation: You are partially covered in iridescent
                  | scales. (AC +2) [potion of mutation]
   314 | D        | Noticed a water elemental
   328 | D        | Killed a water elemental
   329 | D        | Reached skill level 5 in Unarmed Combat
   329 | D        | Reached XP level 4. HP: 29/49 MP: 3/3
   485 | D        | Found a radiant altar of Vehumet.
   485 | D        | Noticed a wizard
   491 | D        | Killed a wizard
   491 | D        | Noticed a rust devil
   492 | D        | Reached XP level 5. HP: 55/55 MP: 4/4
   495 | D        | Reached skill level 5 in Fighting
   495 | D        | Reached skill level 5 in Dodging
   495 | D        | Reached skill level 5 in Shields
   495 | D        | Found a shimmering blue altar of Sif Muna.
   495 | D        | Found an ancient bone altar of Kikubaaqudgha.
   508 | D        | Found a hide-covered altar of Uskayaw.
   508 | D        | Found an iron altar of Okawaru.
   508 | D        | Found a bloodstained altar of Trog.
   508 | D        | Found an ornate altar of the Wu Jian Council.
   508 | D        | Noticed a human
   509 | D        | Noticed a human
   511 | D        | Killed a human
   512 | D        | Reached skill level 6 in Unarmed Combat
   512 | D        | Reached XP level 6. HP: 42/67 MP: 5/5
   533 | D        | Killed a human
   534 | D        | Reached skill level 7 in Unarmed Combat
   602 | D        | Became a worshipper of Warmaster Okawaru
   611 | D        | Found a shadowy altar of Dithmenos.
   615 | D        | Reached XP level 7. HP: 75/76 MP: 6/6
   615 | D        | Found a basalt altar of Yredelemnul.
   615 | D        | Found a sacrificial altar of Ru.
   780 | D        | Found a glowing silver altar of Zin.
   781 | D        | Found a glowing golden altar of the Shining One.
   781 | D        | Found a white marble altar of Elyvilon.
   781 | D        | Noticed a deep elf pyromancer
   782 | D        | Noticed a fire elemental
   795 | D        | HP: 3/76 [fire elemental[a deep elf pyromancer] (7)]
   796 | D        | Mangled by a fire elemental

Illustrated notes

Levels and vault maps discovered:
D:        dungeon_sprint_mu [sprint_mu_entry_cave, sprint_mu_temple_rooms,
          sprint_mu_d1_spiders, sprint_mu_d2_genie, sprint_mu_d3_branching,
          sprint_mu_orc_legion, sprint_mu_elf_gauntlet, sprint_mu_hive_nellie,
          sprint_mu_lair_fedhas, sprint_mu_vaults_butterflies,
          sprint_mu_slime_circle, sprint_mu_swamp_cave, sprint_mu_snake_twists,
          sprint_mu_blade_basic, sprint_mu_crypt_lich, sprint_mu_tomb_spiral,
          sprint_mu_vestibule_basic, sprint_mu_gehenna_hellfire,
          sprint_mu_dis_giant, sprint_mu_tartarus_statrot,
          sprint_mu_cocytus_islands, sprint_mu_zot1]

Skill      XL: |  1  2  3  4  5  6 |
---------------+-------------------+-----
Fighting       | 3 4 5 6 |  6.8
Dodging        | 3 4 5 6 |  6.8
Shields        | 3 4 5 6 |  6.8
Unarmed Combat | 3 5 6 7 |  7.9

Action                   |  1- 3 |  4- 6 |  7- 9 || total
-------------------------+-------+-------+-------++-------
Melee: Unarmed           |    28 |    20 |    10 ||    58
  Use: Potion            |     4 |     1 |       ||     5
Armor: Robe              |     5 |     3 |     7 ||    15
Dodge: Dodged            |     7 |    10 |     5 ||    22
Block: Kite shield       |     5 |     4 |     3 ||    12
